 Dungeon Crawl Stone Soup version 0.30-a0-1124-g6e8f0f562f (webtiles) character file.

Game seed: 7964263240729983553

2931 CryoSword the Conjurer (level 9, -2/74 HPs)
             Began as a Yellow Draconian Conjurer on Apr 23, 2023.
             Was a Believer of Sif Muna.
             Slain by a basilisk (5 damage)
             ... while petrified by a basilisk
             ... on level 8 of the Dungeon.
             The game lasted 00:14:58 (8238 turns).

CryoSword the Conjurer (Yellow Draconian Conjurer)  Turns: 8238, Time: 00:14:58

Health: -2/74      AC: 12    Str: 11    XL:     9   Next: 50%
Magic:  3/16       EV:  2    Int: 20    God:    Sif Muna [**....]
Gold:   200        SH:  0    Dex: 17    Spells: 4/17 levels left

rFire   . . .        C - +4 falchion (protect)
rCold   . . .        x - +0 buckler
rNeg    + + +        (body armour unavailable)
rPois   ∞            l - +2 hat
rElec   .            (no cloak)
rCorr   +            e - +2 pair of gloves
SInv    .            (no boots)
Will    .....        (no amulet)
Stlth   ++           v - +5 ring of evasion
HPRegen 0.32/turn    f - +6 ring of dexterity
MPRegen 0.15/turn

%: no passive effects
@: petrified
A: spit acid, AC +7, unfitting armour, cold-blooded, acid resistance
a: Breathe Acid, Renounce Religion, Channel Magic


You were on level 8 of the Dungeon.
You worshipped Sif Muna.
Sif Muna was pleased with you.
You visited 2 branches of the dungeon, and saw 9 of its levels.
You also visited: Sewer.

You collected 452 gold pieces.
You spent 252 gold pieces at shops.

Inventory:

Hand Weapons
 C - a +4 falchion of protection (weapon)
   (You took it off Eustachio on level 4 of the Dungeon)
Missiles
 o - 13 poisoned darts
 r - 5 boomerangs
 G - a curare-tipped dart (quivered)
Armour
 e - a +2 pair of gloves (worn)
   (You found it on level 1 of the Dungeon)
 l - a +2 hat (worn)
   (You found it on level 1 of the Dungeon)
 x - a +0 buckler (worn)
   (You took it off a gnoll sergeant on level 3 of the Dungeon)
Jewellery
 f - a +6 ring of dexterity (right hand)
   (You found it on level 1 of the Dungeon)
 v - a +5 ring of evasion (left hand)
   (You found it on level 3 of the Dungeon)
Wands
 A - a wand of iceblast (4)
   (You found it on level 4 of the Dungeon)
 D - a wand of quicksilver (7)
   (You found it on level 5 of the Dungeon)
Scrolls
 c - a scroll of magic mapping {unknown}
 d - a scroll of amnesia {unknown}
 g - 4 scrolls of teleportation {@r4}
 h - a scroll of acquirement {unknown}
 m - a scroll of blinking {unknown}
 p - 2 scrolls of enchant weapon
 q - a scroll of fog {unknown}
 y - a scroll of summoning {unknown}
 z - 2 scrolls of fear {unknown}
 B - 2 scrolls of poison {unknown}
Potions
 a - a potion of magic
 b - 2 potions of lignification {unknown}
 i - 2 potions of flight {unknown}
 j - 2 potions of ambrosia {unknown}
 k - 7 potions of curing {@q1}
 n - 4 potions of heal wounds {@q2}
 s - 3 potions of berserk rage
 t - 3 potions of mutation {!q}
 u - 4 potions of attraction {!q}
 w - 3 potions of might
 E - a potion of resistance {unknown}


   Skills:
 + Level 5.1 Fighting
 * Level 5.9 Long Blades
 - Level 1.7 Dodging
 - Level 1.7 Stealth
 + Level 4.7 Shields
 + Level 4.9 Spellcasting
 - Level 7.1 Conjurations
 * Level 5.2 Ice Magic


You had 4 spell levels left.
You knew the following spells:

 Your Spells              Type           Power      Damage    Failure   Level
a - Magic Dart            Conj           100%       1d8       1%          1
b - Searing Ray           Conj           66%        2d6       1%          2
c - Ozocubu's Armour      Ice            25%        N/A       5%          3
d - Ozocubu's Refrigerat  Ice            12%        4d10      100%        7

Your spell library contained the following spells:

 Spells                   Type           Power      Damage    Failure   Level
 Dazzling Flash           Conj/Hex       38%        N/A       11%         3
 Mephitic Cloud           Conj/Pois/Air  14%        N/A       19%         3
 Call Imp                 Summ           8%         N/A       24%         2
 Fulminant Prism          Conj/Hex       9%         3d6       36%         4
 Iskenderun's Mystic Bla  Conj/Tloc      19%        2d6       36%         4
 Gell's Gravitas          Tloc           4%         N/A       43%         3
 Teleport Other           Tloc           4%         N/A       43%         3
 Metabolic Englaciation   Hex/Ice        7%         N/A       83%         5
 Dispersal                Tloc           2%         N/A       100%        6
 Simulacrum               Ice/Necr       7%         N/A       100%        6


Dungeon Overview and Level Annotations

Branches:
Dungeon (8/15)             Temple (1/1) D:5            Lair (0/5) D:8
  Sewer (visited)

Altars:
Ashenzari
Cheibriados
Dithmenos
Elyvilon
Fedhas
Gozag
Hepliaklqana
Kikubaaqudgha
Makhleb
Nemelex Xobeh
Okawaru
Qazlal
Ru
Sif Muna
Trog
Uskayaw
Vehumet
Wu Jian
Yredelemnul
Zin
The Shining One

Shops:
D:1 :   D:3 =   D:5 :   D:6 ?

Annotations:
D:2 1 runed translucent door, Crazy Yiuf
D:6 1 runed translucent door, Bnni's ghost, novice VSFi


Innate Abilities, Weirdness & Mutations

You can spit globs of acid.
Your golden yellow scales are hard. (AC +7)
You cannot fit into any form of body armour.
You are cold-blooded and may be slowed by cold attacks.
You are resistant to acid. (rCorr)


Message History

This spell is impossible to cast!
Memorise Ozocubu's Refrigeration, consuming 7 spell levels and leaving 4?
You start memorising the spell.
You continue memorising. x7
You finish memorising.
Spell assigned to 'd'.
Okay, then.
Okay, then.
You climb downwards.
You hear the hiss of flowing sand.
There is an entrance to an ossuary on this level.
Hurry and find it before the portal is buried!
Found 12 gold pieces.
There is a stone staircase leading up here.
You now have enough gold to buy a ring of see invisible on D:3.
You now have 200 gold pieces (gained 12).
Could not explore, unopened door.
Could not explore, unopened door.
You open the door.
There is an open door here.
A wyvern, a basilisk and a bullfrog come into view.
There are monsters nearby!
There are monsters nearby!
Found a staircase to the Lair.
A black bear and a yak come into view.
An acid dragon comes into view.
The black bear growls angrily.
The yak bellows!
The basilisk hisses angrily.
The acid dragon roars!
The bullfrog gives a loud, deep croak!
The wyvern hisses angrily.
You hit the bullfrog.
Your weapon exudes an aura of protection.
The bullfrog hits you but does no damage.
You barely miss the bullfrog.
The bullfrog hits you but does no damage. x2
The basilisk misses you.
You slash the bullfrog! The wyvern bites you.
The bullfrog completely misses you. The wyvern barely misses you.
The basilisk misses you. The bullfrog closely misses you.
You slash the bullfrog!
You kill the bullfrog!
Sif Muna accepts your kill. The wyvern completely misses you.
The basilisk misses you. The wyvern bites you.
The yak attacks as you move away! The yak misses you.
The yak gores the fungus!
The fungus begins to die.
The basilisk bites the plant!
The plant begins to die.
The basilisk bites the plant!
The wyvern barely misses you. The wyvern attacks as you move away!
The wyvern bites you. The wyvern bites you.
The black bear attacks as you move away!
The black bear bites you.
The black bear claws you but does no damage. x2
You block the wyvern's attack. The wyvern attacks as you move away!
The wyvern bites you! The wyvern misses you.
Aim: a wyvern (81% to hit)
The searing ray hits the wyvern.
The searing ray hits the yak!
The searing ray hits the black bear! (Press . to maintain the ray.)
The wyvern bites you!
* * * LOW HITPOINT WARNING * * *
The searing ray hits the wyvern!
The searing ray hits the yak!
The searing ray hits the black bear!
The wyvern misses you.
The black bear goes berserk!
The wyvern bites you!
* * * LOW HITPOINT WARNING * * *
The searing ray hits the wyvern!
The searing ray hits the yak!
The searing ray hits the black bear.
You kill the black bear!
Sif Muna accepts your kill.
The searing ray hits the basilisk!
You block the wyvern's attack.
The searing ray hits the wyvern!
You kill the wyvern!
Sif Muna accepts your kill.
The searing ray hits the yak!
You kill the yak!
Sif Muna accepts your kill.
The searing ray hits the acid dragon.
You finish channelling your searing ray.
You hear the slow hiss of an avalanche of sand nearby.
Your Fighting skill increases to level 5!
Your Ice Magic skill increases to level 5!
Aim: an acid dragon (lightly wounded, 81% to hit)
The searing ray hits the acid dragon.
The searing ray hits the basilisk. (Press . to maintain the ray.)
The searing ray hits the acid dragon!
The searing ray hits the basilisk.
The acid dragon barely misses you. The acid dragon misses you.
The searing ray hits the acid dragon.
The searing ray hits the basilisk.
The acid dragon bites you.
* * * LOW HITPOINT WARNING * * *
The acid dragon closely misses you.
The searing ray hits the acid dragon.
The searing ray hits the basilisk!
You finish channelling your searing ray.
The acid dragon misses you. You block the acid dragon's attack.
Aim: an acid dragon (severely wounded, 81% to hit)
The searing ray hits the acid dragon!
You kill the acid dragon!
Sif Muna accepts your kill.
The searing ray misses the basilisk. (Press . to maintain the ray.)
The searing ray hits the basilisk.
The basilisk gazes at you.
You are slowing down.
Aim: a basilisk (almost dead, 55% to hit)
You spit a glob of acid.
The glob of acid misses the basilisk.
The basilisk bites you.
* * * LOW HITPOINT WARNING * * *
Your limbs are stiffening.
Aim: a basilisk (almost dead, 76% to hit)
The searing ray misses the basilisk. (Press . to maintain the ray.)
The basilisk gazes at you. You resist with some effort.
You block the basilisk's attack.
You have turned to stone.
The basilisk bites you!
* * * LOW HITPOINT WARNING * * *
The basilisk bites you but does no damage.
The basilisk gazes at you. You resist with some effort. The basilisk bites you.
The basilisk gazes at you. The basilisk bites you!
* * * LOW HITPOINT WARNING * * *
The basilisk bites you!
* * * LOW HITPOINT WARNING * * *
The basilisk bites you but does no damage.
The basilisk bites you.
You turn to flesh and can move again.
Unknown command.
The basilisk hisses menacingly.
The basilisk gazes at you.
You are slowing down.
Aim: a basilisk (almost dead, 76% to hit)
The searing ray hits the basilisk. (Press . to maintain the ray.)
You block the basilisk's attack.
Your limbs are stiffening.
The searing ray hits the basilisk.
You block the basilisk's attack. The basilisk gazes at you.
You resist with some effort.
You have turned to stone.
The basilisk bites you!
* * * LOW HITPOINT WARNING * * *
The basilisk gazes at you. The basilisk bites you!
* * * LOW HITPOINT WARNING * * *
You have got your breath back.
The basilisk completely misses you. The basilisk gazes at you.
You resist with some effort. The basilisk bites you!
* * * LOW HITPOINT WARNING * * *
The basilisk bites you!
You die...

#.....##...##........
+..........#.:....... #
#............P......P #
#................>... #
#......♣♣....Pl...... #
#.....♣♣♣.D#..P...... #
#....♣♣♣♣..##........
####.....♣♣...####.....#
.............††l@.#.....
####....#####+###.#.+...
..##....# .#.#...
..'...### .# ..###.###
## ......... ....#.###
..<...# .#....#


You could see a basilisk.

Vanquished Creatures
  Prince Ribbit (D:6)
  A wyvern (D:8)
  Eustachio (D:4)
  A yak (D:8)
  An acid dragon (D:8)
  An ice beast (D:6)
  2 black bears
  A sky beast (D:7)
  An orc warrior (D:6)
  An ogre (D:5)
  A centaur (D:6)
  2 kobold brigands
  3 bullfrogs
  2 gnoll sergeants
  3 scorpions
  3 wights (D:7)
  2 orc priests (D:7)
  A hound (D:7)
  4 jellies
  A sleepcap (D:5)
  4 iguanas
  A hell rat (Sewer)
  5 orc wizards
  4 gnolls
  11 adders
  4 river rats (Sewer)
  4 ufetubi
  7 worms
  4 dart slugs
  24 orcs
  3 bats
  7 endoplasms
  3 giant cockroaches
  8 goblins
  5 hobgoblins
  2 jackals (D:2)
  4 quokkas
  10 ball pythons
  2 frilled lizards
  12 kobolds
  11 rats
168 creatures vanquished.

Vanquished Creatures (others)
  A fungus (D:8)
  13 plants (D:8)
14 creatures vanquished.

Grand Total: 182 creatures vanquished

Notes
Turn   | Place    | Note
-------+----------+-------------------------------------------
     0 | D:1      | CryoSword the Draconian Conjurer began the quest for the
                  | Orb.
     0 | D:1      | Reached XP level 1. HP: 14/14 MP: 3/3
   223 | D:1      | Reached XP level 2. HP: 20/20 MP: 1/5
   372 | D:1      | Found Xaushried's Vocational Training.
   876 | D:1      | Found a faded altar of an unknown god.
   930 | D:1      | Learned a level 2 spell: Searing Ray
  1175 | D:2      | Reached skill level 5 in Conjurations
  1175 | D:2      | Reached XP level 3. HP: 26/26 MP: 2/6
  1648 | D:2      | Reached XP level 4. HP: 33/33 MP: 4/7
  2246 | D:2      | Found a runed translucent door.
  2247 | D:2      | Noticed Crazy Yiuf
  2541 | D:3      | Found a bloodstained altar of Trog.
  2708 | D:3      | Found Uhuaw's Jewellery Boutique.
  3466 | D:4      | Found a glowing drain.
  3528 | Sewer    | Entered a sewer
  3531 | Sewer    | Reached skill level 1 in Fighting
  3635 | Sewer    | Reached skill level 1 in Long Blades
  3635 | Sewer    | Reached XP level 5. HP: 40/40 MP: 0/8
  3713 | Sewer    | Reached skill level 6 in Conjurations
  4196 | D:3      | Reached XP level 6. HP: 48/48 MP: 4/10
  4779 | D:4      | Found a radiant altar of Vehumet.
  4780 | D:4      | Found a shadowy altar of Dithmenos.
  4780 | D:4      | Found a blossoming altar of Fedhas.
  4780 | D:4      | Found a burning altar of Makhleb.
  4781 | D:4      | Noticed Eustachio
  4881 | D:4      | Found a sparkling altar of Nemelex Xobeh.
  4881 | D:4      | Found a snail-covered altar of Cheibriados.
  4946 | D:4      | Killed Eustachio
  4947 | D:4      | Reached skill level 1 in Shields
  5130 | D:5      | Entered Level 5 of the Dungeon
  5130 | D:5      | Found a staircase to the Ecumenical Temple.
  5156 | Temple   | Entered the Ecumenical Temple
  5379 | Temple   | Became a worshipper of Sif Muna the Loreminder
  5403 | D:5      | Your scales start taking on a golden yellow colour.
  5403 | D:5      | Reached XP level 7. HP: 37/56 MP: 0/11
  5403 | D:5      | Gained mutation: You are resistant to acid. (rCorr) [Yellow
                  | Draconian growth]
  5913 | D:5      | Reached skill level 7 in Conjurations
  6186 | D:5      | Found Cere's Book Emporium.
  6335 | D:5      | Learned a level 3 spell: Ozocubu's Armour
  6368 | D:6      | Reached skill level 1 in Ice Magic
  6383 | D:6      | Reached XP level 8. HP: 41/63 MP: 5/13
  6527 | D:6      | Found Xueg's Magic Scroll Shop.
  6537 | D:6      | Reached * piety under Sif Muna
  6571 | D:6      | Noticed Prince Ribbit
  6582 | D:6      | Killed Prince Ribbit
  6629 | D:6      | Bought a scroll of enchant weapon for 90 gold pieces
  6629 | D:6      | Bought a scroll of identify for 24 gold pieces
  6629 | D:6      | Bought a scroll of enchant armour for 90 gold pieces
  6629 | D:6      | Bought a scroll of immolation for 48 gold pieces
  6787 | D:6      | Found a runed translucent door.
  6792 | D:6      | Noticed Bnni's ghost (novice VSFi)
  7340 | D:7      | Reached skill level 5 in Long Blades
  7340 | D:7      | Reached XP level 9. HP: 72/72 MP: 15/15
  7586 | D:7      | Found an iron altar of Okawaru.
  8161 | D:7      | Learned a level 7 spell: Ozocubu's Refrigeration
  8192 | D:8      | Found a staircase to the Lair.
  8212 | D:8      | Reached skill level 5 in Fighting
  8212 | D:8      | Reached skill level 5 in Ice Magic
  8216 | D:8      | Reached ** piety under Sif Muna
  8237 | D:8      | HP: 2/74 [basilisk (5)]
  8238 | D:8      | Slain by a basilisk

Illustrated notes

Levels and vault maps discovered:
D:1:      scummos_arrival_simple_crosswalls, layout_loops_ring, serial_rivers,
          chequers_serial_rivers_large_b, chequers_serial_rivers_small_a,
          chequers_serial_rivers_small_3, chequers_serial_rivers_small_b,
          hellmonk_ecumenical_altar_leap_of_faith, nicolae_shop_vocational
D:2:      cheibrodos_helix_gallery, layout_basic, uniq_crazy_yiuf_cottage
D:3:      layout_basic, mainiacjoe_overflow_small_starburst, serial_shops, shop,
          chequers_mini_garden, palyth_stone_intersect
D:4:      layout_rooms, minmay_overflow_temple_hex,
          cheibrodos_sewer_entry_sluice, kennysheep_cross_room, uniq_eustachio
D:5:      layout_loops_cross, minmay_temple_entry_water_ring,
          kennysheep_small_circle
D:6:      lemuel_ice_spiral_2, layout_rooms, ebering_ghost_reflecting_pool,
          nicolae_stop_n_shop_2, hex_large, uniq_prince_ribbit1
D:7:      layout_loops_ring, nicolae_overflow_crystal_walls,
          hangedman_decor_peaks_small
D:8:      layout_basic, david_lair_generic, enter_ossuary_2,
          minmay_shop_grid_forest, minmay_misc_feat_secret_circle,
          minmay_lizard_king
Temple:   hellmonk_temple_forest_ring

Skill      XL: |  1  2  3  4  5  6  7  8  9 |
---------------+----------------------------+-----
Conjurations   | 5 6 7 |  7.1
Fighting       | 1 2 3 4 5 |  5.1
Long Blades    | 1 2 3 5 |  5.9
Shields        | 1 3 4 |  4.7
Spellcasting   | 3 4 |  4.9
Ice Magic      | 1 4 5 |  5.2
Dodging        | |  1.7
Stealth        | |  1.7

Action                     |  1- 3 |  4- 6 |  7- 9 || total
---------------------------+-------+-------+-------++-------
  Melee: Unarmed           |    24 |       |       ||    24
         Dagger            |     5 |    98 |       ||   103
         Tailslap          |       |    20 |    11 ||    31
         Falchion          |       |     7 |    71 ||    78
   Cast: Magic Dart        |    41 |    14 |     4 ||    59
         Searing Ray       |    10 |    61 |    34 ||   105
Ability: Breathe Acid      |       |       |    27 ||    27
  Evoke: Wand              |       |     7 |     2 ||     9
    Use: Scroll            |       |     4 |     7 ||    11
   Stab: Sleeping          |       |       |     1 ||     1
 Armour: Skin              |    18 |    28 |    39 ||    85
  Dodge: Dodged            |    43 |    99 |    93 ||   235
  Block: Buckler           |       |    11 |    35 ||    46

Table legend: (Time is in decaauts)
 A = Elapsed time spent in this place.
 B = Non-inter-level travel time spent in this place.
 C = Inter-level travel time spent in this place.
 D = Time resting spent in this place.
 E = Time spent auto-exploring this place.
 F = Levels seen in this place.
 G = Mean time per level.
                   A        B        C        D        E       F      G
               +--------+--------+--------+--------+--------+-----+--------+
         Total |   8270 |   8108 |    162 |    409 |   6380 |  10 |  827.0 |
       Dungeon |   7646 |   7484 |    162 |    409 |   5862 |   8 |  955.8 |
        Temple |    229 |    229 |      0 |      0 |    202 |   1 |  229.0 |
         Sewer |    394 |    394 |      0 |      0 |    316 |   1 |  394.0 |
               +--------+--------+--------+--------+--------+-----+--------+

Top non-repeatable levels by time:
     D:3: 1290 daAuts
     D:1: 1218 daAuts
     D:2: 1181 daAuts
     D:7: 1089 daAuts
     D:4: 1059 daAuts
     D:5: 1058 daAuts
     D:6: 669 daAuts
   Sewer: 394 daAuts
  Temple: 229 daAuts
     D:8: 78 daAuts
